 Dungeon Crawl Stone Soup version 0.28.0-53-g5a82cb258f (webtiles) character file.

Game seed: 18116745836241464725

8 protoss039 the Digger (level 2, 21/21 HPs)
             Began as a Demonspawn Earth Elementalist on June 2, 2022.
             Got out of the dungeon alive.
             The game lasted 00:00:32 (1073 turns).

protoss039 the Digger (DsEE)                        Turns: 1073, Time: 00:00:33

Health: 21/21      AC:  2    Str:  8    XL:     2   Next: 0%
Magic:  5/5        EV: 12    Int: 16    God:
Gold:   25         SH:  0    Dex: 13    Spells: 4/5 levels left

rFire   . . .      SeeInvis .   d - +0 quarterstaff
rCold   . . .      Faith    .   (shield currently unavailable)
rNeg    . . .      Spirit   .   b - +0 robe
rPois   .          Reflect  .   (helmet restricted)
rElec   .          Harm     .   (no cloak)
rCorr   .          Rampage  .   (no gloves)
Will    .....                   (no boots)
Stlth   ++........              (no amulet)
HPRegen 0.07/turn               (no ring)
MPRegen 0.09/turn               (no ring)

@: no status effects
A: horns 1
a: no special abilities


You escaped.
You visited 1 branch of the dungeon, and saw 1 of its levels.

You collected 25 gold pieces.

Inventory:

Hand Weapons
 d - a +0 quarterstaff (weapon)
Missiles
 c - 24 stones
Armour
 b - a +0 robe (worn)
Scrolls
 a - a scroll of identify {unknown}
 e - a scroll of summoning {unknown}
 g - a scroll of brand weapon {unknown}
Potions
 f - a potion of lignification {unknown}


   Skills:
 * Level 1.0 Fighting
 + Level 0.3 Armour
 - Level 1.7 Dodging
 - Level 1.7 Stealth
 + Level 2.1 Spellcasting
 - Level 1.0 Transmutations
 + Level 2.7 Earth Magic


You had 4 spell levels left.
You knew the following spells:

 Your Spells              Type           Power      Damage    Failure   Level
a - Sandblast             Erth           20%        2d7       7%          1

Your spell library contained the following spells:

 Spells                   Type           Power      Damage    Failure   Level
 Passwall                 Tmut/Erth      5%         N/A       14%         2
 Stone Arrow              Conj/Erth      12%        3d7       34%         3
 Petrify                  Tmut/Erth      7%         N/A       67%         4


Dungeon Overview and Level Annotations

Branches:
Dungeon (1/15)

Altars:


Innate Abilities, Weirdness & Mutations

You have a pair of small horns on your head.


Message History

You open the door.
There is an open door here.
You open the door.
There is an open door here.
You open the door.
There is an open door here.
There is an open door here.
There is an open door here.
There is an open door here.
You see here a +0 cloak.
There is an open door here.
As you open the door, it creaks loudly!
A rat comes into view.
A rat is nearby!
A rat is nearby!
A rat is nearby!
The rat bites you.
You closely miss the rat. The rat barely misses you.
A rat is nearby!
You hit the rat but do no damage. The rat bites you.
A rat is nearby!
You hit the rat.
You kill the rat!
Your Fighting skill increases to level 1!
You have reached level 2!
Your demonic ancestry asserts itself...
A pair of horns grows on your head!
No target in view!
Unknown command.
You see here a rat corpse.
You see here a rat corpse.
There is an open door here.
Done exploring.
There is an open gate here.
There is an open door here.
There is an open door here.
There is an open door here.
There is a staircase leading out of the dungeon here.
Are you sure you want to leave the Dungeon?
This will make you lose the game!
You have escaped!

#.#.# #.#.##.#.#.#
#######.#.##########.#.##.#.#.#
....................>#......#.#
#######.#.#########.#####.###.#
........#...................#.#
#######.###########.####....#.#
#.#♣....'...#.# #....#.#
#.##'####...#.# #....#.#
#.#♣.♣♣♣#.@.#.# #....#.#
#.#♣♣..♣#...#.# #....#.# #.#
♣♣♣.#...#.# #....#.#
######.#####'#####.# #....#.#
#....#.#......[..#.# #....#.#
#.##.#.#.........#.# #....#.#
#.##.#.#.........#.# #....#.###
#)...#.#§§......≈#.# #.........
#....#.#§§≈...≈.≈#.# #...##.###


There were no monsters in sight!

Vanquished Creatures
  3 ball pythons (D:1)
  A bat (D:1)
  2 frilled lizards (D:1)
  2 kobolds (D:1)
  3 rats (D:1)
11 creatures vanquished.

Notes
Turn   | Place    | Note
-------+----------+-------------------------------------------
     0 | D:1      | protoss039 the Demonspawn Earth Elementalist began the
                  | quest for the Orb.
     0 | D:1      | Reached XP level 1. HP: 13/13 MP: 3/3
   126 | D:1      | Reached skill level 1 in Transmutations
   855 | D:1      | Reached skill level 1 in Fighting
   855 | D:1      | Gained mutation: You have a pair of small horns on your
                  | head. [demonic ancestry]
   855 | D:1      | Reached XP level 2. HP: 18/21 MP: 5/5
  1073 | D:$      | Got out of the dungeon alive.

Illustrated notes

Levels and vault maps discovered:
D:1:      scummos_arrival_gate, layout_basic

Skill      XL: |  1 |
---------------+----+-----
Transmutations | 1 |  1.0
Fighting       | 1 |  1.0
Armour         | |  0.3
Dodging        | |  1.7
Stealth        | |  1.7
Spellcasting   | |  2.1
Earth Magic    | |  2.7

Action                   || total
-------------------------++-------
Melee: Quarterstaff      ||    13
 Cast: Sandblast         ||     6
 Stab: Sleeping          ||     1
Armor: Robe              ||     2
Dodge: Dodged            ||     5
